 Dungeon Crawl Stone Soup version 0.18.1-50-g88ac8fd (webtiles) character file.

149 Peloso the Shield-Bearer (level 5, -1/47 HPs)
             Began as a Minotaur Fighter on Sept 17, 2016.
             Slain by Peloso's ghost (10 damage)
             ... on level 4 of the Dungeon.
             The game lasted 00:05:04 (2510 turns).

Peloso the Shield-Bearer (Minotaur Fighter)         Turns: 2510, Time: 00:05:04

Health: -1/47      AC:  9    Str: 20    XL:     5   Next: 9%
Magic:  4/4        EV:  1    Int:  5    God:
Gold:   125        SH: 10    Dex: 11    Spells: 0 memorised, 4 levels left

rFire  . . .     SeeInvis .     a - +0 long sword
rCold  . . .     Gourm    .     q - +0 chain mail
rNeg   . . .     Faith    .     c - +0 shield
rPois  .         Spirit   .     (helmet restricted)
rElec  .         Dismiss  .     (no cloak)
rCorr  .         Reflect  .     (no gloves)
SustAt .         Harm     .     (no boots)
MR     .....                    (no amulet)
Stlth  ..........               (no ring)
                                (no ring)

@: not resistant to hostile enchantments, extremely unstealthy
A: retaliatory headbutt, horns 2
a: no special abilities


You were on level 4 of the Dungeon.
You were not hungry.

You visited 1 branch of the dungeon, and saw 4 of its levels.

You collected 125 gold pieces.

Inventory:

Hand Weapons
 a - a +0 long sword (weapon)
 h - a +0 dagger of venom
 t - a +2 short sword of speed
Armour
 b - a +0 scale mail
 c - a +0 shield (worn)
 q - a +0 chain mail (worn)
Jewellery
 u - an uncursed amulet of harm {unknown}
 y - an uncursed ring of wizardry {unknown}
Scrolls
 j - 5 scrolls of identify {unknown}
 l - a scroll of teleportation {unknown}
 m - 2 scrolls of enchant armour {unknown}
 s - a scroll of amnesia {unknown}
 v - a scroll of recharging {unknown}
 x - 2 scrolls of fog {unknown}
Potions
 d - 4 potions of might
 e - a potion of mutation {unknown}
 i - a potion of lignification {unknown}
 k - 2 potions of curing {unknown}
 n - a potion of heal wounds {unknown}
 p - a potion of berserk rage {unknown}
 r - a potion of haste {unknown}
 z - a potion of brilliance {unknown}
 A - a potion of degeneration {unknown}
Comestibles
 f - 2 bread rations
 g - 3 beef jerkies
 o - a slice of pizza


   Skills:
 + Level 4.8 Fighting
 + Level 3.3 Long Blades
 + Level 4.3 Armour
 + Level 1.0 Dodging
 + Level 0.1 Stealth
 + Level 4.9 Shields


You had 4 spell levels left.
You didn't know any spells.

Dungeon Overview and Level Annotations

Branches:
Dungeon (4/15)
 Temple: D:4-7

Altars:
Cheibriados
Elyvilon
Gozag
Makhleb
Nemelex Xobeh
Vehumet
Yredelemnul
The Shining One

Annotations:
D:4 Peloso's ghost, weakling MiFi


Innate Abilities, Weirdness & Mutations

You reflexively headbutt those who attack you in melee.
You have a pair of horns on your head.


Message History

You hit Peloso's ghost but do no damage.
You headbutt Peloso's ghost, but do no damage.
Peloso's ghost is moderately damaged.
Peloso's ghost hits you but does no damage.
You hit Peloso's ghost.
Peloso's ghost is moderately damaged.
You block Peloso's ghost's attack. Peloso's ghost barely misses you.
You hit Peloso's ghost but do no damage.
Peloso's ghost is moderately damaged.
Peloso's ghost hits you!
You hit Peloso's ghost.
Peloso's ghost is heavily damaged.
Peloso's ghost hits you.
You hit Peloso's ghost but do no damage.
Peloso's ghost is heavily damaged.
Peloso's ghost hits you! x2
* * * LOW HITPOINT WARNING * * *
There is a stone staircase leading up here.
Peloso's ghost hits you!
You die...

#...........
#........[..
#..........%
###########......?....
#.........#...........
#.........#..........$
#...........#.....#...
#..........######## .
#......@W..######
#...............#
#..........####...
##########.# #.# #.#
#.# #.# ...


You could see Peloso's ghost.

Vanquished Creatures
  A crimson imp (D:3)
  3 gnolls (D:3)
  2 adders
  2 dart slugs
  A giant gecko (D:2)
  An orc (D:3)
  A ball python (D:3)
  5 bats (D:1)
  6 giant cockroaches
  7 goblins
  12 hobgoblins
  5 jackals
  8 kobolds
  A quokka (D:3)
  4 rats
59 creatures vanquished.

Notes
Turn   | Place    | Note
--------------------------------------------------------------
     0 | D:1      | Peloso the Minotaur Fighter began the quest for the Orb.
     0 | D:1      | Reached XP level 1. HP: 19/19 MP: 0/0
   128 | D:1      | Reached XP level 2. HP: 25/27 MP: 1/1
   497 | D:1      | Reached XP level 3. HP: 33/33 MP: 2/2
  1055 | D:2      | Found a white marble altar of Elyvilon.
  1265 | D:2      | Found a glowing golden altar of the Shining One.
  1267 | D:2      | Found a snail-covered altar of Cheibriados.
  1267 | D:2      | Found a sparkling altar of Nemelex Xobeh.
  1267 | D:2      | Found a basalt altar of Yredelemnul.
  1267 | D:2      | Found an opulent altar of Gozag.
  1304 | D:2      | Found a faded altar to an unknown god.
  1361 | D:3      | Found a radiant altar of Vehumet.
  1361 | D:3      | Found a burning altar of Makhleb.
  1365 | D:3      | Reached XP level 4. HP: 41/41 MP: 3/3
  1483 | D:3      | Reached skill level 1 in Dodging
  2036 | D:3      | Reached XP level 5. HP: 47/47 MP: 4/4
  2487 | D:4      | Noticed Peloso's ghost (weakling MiFi)
  2510 | D:4      | Slain by Peloso's ghost

Skill      XL: |  1  2  3  4 |
---------------+-------------+-----
Shields        | 4 |  4.9
Fighting       | 4 |  4.8
Armour         | 4 |  4.3
Long Blades    | 3 |  3.3
Dodging        | 1 |  1.0
Stealth        | |  0.1

Action                   |  1- 3 |  4- 6 || total
-------------------------+-------+-------++-------
Melee: Long sword        |    73 |    63 ||   136
       Headbutt          |    10 |    10 ||    20
  Eat: Chunk             |     1 |     4 ||     5
Armor: Scale mail        |    43 |       ||    43
       Chain mail        |       |    18 ||    18
Dodge: Dodged            |    26 |    11 ||    37
Block: Shield            |    43 |    41 ||    84
